 Dungeon Crawl Stone Soup version 0.27.0-1-g7a089689b8 (webtiles) character file.

Game seed: 1984313250771545634

3 SnakkuSnakku7 the Vexing (level 1, -2/13 HPs)
             Began as an Octopode Arcane Marksman on Aug 14, 2021.
             Slain by a hobgoblin (3 damage)
             ... on level 1 of the Dungeon.
             The game lasted 00:00:14 (65 turns).

SnakkuSnakku7 the Vexing (Octopode Arcane Marksman)   Turns: 65, Time: 00:00:15

Health: -2/13      AC:  1    Str:  9    XL:     1   Next: 50%
Magic:  2/2        EV: 13    Int: 15    God:
Gold:   14         SH:  0    Dex: 12    Spells: 1/2 levels left

rFire    . . .     SeeInvis .   a - +0 hunting sling
rCold    . . .     Faith    .   (no shield)
rNeg     . . .     Spirit   .   (helmet restricted)
rPois    .         Reflect  .   (no amulet)
rElec    .         Harm     .   (no ring)
rCorr    .         Rampage  .   (no ring)
Will     .....                  (no ring)
Stlth    ++........             (no ring)
HPRegen  0.04/turn              (no ring)
MPRegen  0.08/turn              (no ring)
                                (no ring)
                                (no ring)

@: no status effects
A: almost no armour, amphibious, 8 rings, camouflage 1, gelatinous body 1,
(nimble swimmer 1), tentacles
a: no special abilities


You were on level 1 of the Dungeon.
You visited 1 branch of the dungeon, and saw 1 of its levels.

You collected 14 gold pieces.

Inventory:

Hand Weapons
 a - a +0 hunting sling (weapon)
Missiles
 c - 15 sling bullets (quivered ammo)
Scrolls
 b - a scroll of immolation {unknown}


   Skills:
 - Level 1.0 Fighting
 + Level 2.3 Slings
 - Level 2.0 Dodging
 - Level 1.0 Spellcasting
 - Level 3.0 Hexes


You had one spell level left.
You knew the following spells:

 Your Spells              Type           Power      Damage    Failure   Level
a - Corona                Hex            10%        N/A       7%          1

Your spell library contained the following spells:

 Spells                   Type           Power      Damage    Failure   Level
 Slow                     Hex            9%         N/A       11%         2
 Inner Flame              Hex/Fire       5%         N/A       36%         3
 Portal Projectile        Hex/Tloc       10%        N/A       36%         3
 Cause Fear               Hex            4%         N/A       56%         4


Dungeon Overview and Level Annotations

Branches:
Dungeon (1/15)

Altars:


Innate Abilities, Weirdness & Mutations

You cannot wear most types of armour.
You are amphibious.
You can wear up to eight rings at the same time.
Your skin changes colour to match your surroundings (Stealth+).
Your rubbery body absorbs attacks. (AC +1, EV +1)
((You are camouflaged near water. (Stealth+)))
You have tentacles for arms and can constrict up to eight enemies at once.


Message History

The endoplasm is moderately wounded.
The endoplasm hits you.
You shoot a sling bullet. The sling bullet hits the endoplasm.
You kill the endoplasm!
You shoot a sling bullet. The sling bullet hits the rat.
You kill the rat!
No target in view!
No target in view!
c - 19 sling bullets (gained 2) 2 hobgoblins come into view.
The hobgoblin shouts!
You shoot a sling bullet.
The sling bullet barely misses the hobgoblin.
The sling bullet closely misses the hobgoblin.
You shoot a sling bullet.
The sling bullet closely misses the hobgoblin.
The sling bullet hits the hobgoblin.
The hobgoblin is almost dead.
The hobgoblin hits you.
You are too injured to fight recklessly!
You are too injured to fight recklessly!
You are too injured to fight recklessly!
You are too injured to fight recklessly!
Fire: 17 sling bullets
Press: ? - help, Q - select action, (/) - cycle Shift-Dir - straight line, f/p - hobgoblin
Aim: a hobgoblin (57% to hit)
You shoot a sling bullet.
The sling bullet hits the hobgoblin but does no damage.
The hobgoblin barely misses you.
Fire: 16 sling bullets
Press: ? - help, Q - select action, (/) - cycle Shift-Dir - straight line, f/p - hobgoblin
Aim: a hobgoblin (57% to hit)
You shoot a sling bullet.
The sling bullet closely misses the hobgoblin.
The sling bullet hits the hobgoblin.
You kill the hobgoblin!
The hobgoblin hits you.
* * * LOW HITPOINT WARNING * * *
The hobgoblin hits you.
You die...

#.# #.# #.#
#.#####.. ##.##
#.......#
###...#####.######
#.....†.....#
#.#...#####.#
#.##.## #.# #.##.#
#.# #@##.# #.#
#g##.# #.. #(##..
# #.. ##.#####.#
.. ##........#
#.........#
#............#
##.#..(...?.....
####...........


You could see a hobgoblin.

Vanquished Creatures
  A bat (D:1)
  An endoplasm (D:1)
  A hobgoblin (D:1)
  A rat (D:1)
4 creatures vanquished.

Notes
Turn   | Place    | Note
-------+----------+-------------------------------------------
     0 | D:1      | SnakkuSnakku7 the Octopode Arcane Marksman began the quest
                  | for the Orb.
     0 | D:1      | Reached XP level 1. HP: 13/13 MP: 2/2
    65 | D:1      | Slain by a hobgoblin

Illustrated notes

Levels and vault maps discovered:
D:1:      minmay_arrival_doors, layout_loops_ring, minmay_misc_feat_columns

Action                   || total
-------------------------++-------
Melee: Unarmed           ||     5
       Tentacles         ||     1
 Fire: Hunting sling     ||     7
Armor: Skin              ||     1
Dodge: Dodged            ||     4
